 Dungeon Crawl Stone Soup version 0.21.0-25-ge575cb9 (webtiles) character file.

4438 Hubbles the Covert (level 10, -1/76 HPs)
             Began as a Gnoll Wanderer on Jan 24, 2018.
             Was a Believer of Dithmenos.
             Slain by Gastronok (22 damage)
             ... on level 8 of the Dungeon.
             The game lasted 00:16:19 (9358 turns).

Hubbles the Covert (Gnoll Wanderer)                 Turns: 9358, Time: 00:16:20

Health: -1/76      AC: 11    Str: 14    XL:     10   Next: 36%
Magic:  17/17      EV: 16    Int: 16    God:    Dithmenos [**....]
Gold:   303        SH:  0    Dex: 17    Spells: 17/19 levels left

rFire    + . .     SeeInvis +   a - +2 dagger (venom)
rCold    . . .     Gourm    .   (no shield)
rNeg     . . .     Faith    .   y - +1 leather armour of the Tired Emperors {+Fly}
rPois    .         Spirit   .   g - +2 helmet
rElec    .         Reflect  .   (no cloak)
rCorr    .         Harm     .   x - +1 pair of gloves
MR       .....                  s - +0 pair of boots
Stlth    +++++.....             D - amulet of magic regeneration
HPRegen  0.22/turn              t - ring of protection from fire
MPRegen  0.40/turn              B - ring of see invisible

@: confusing touch, about to teleport, wreathed by umbra
A: distributed training, fangs 1, strong nose
a: Shadow Step, Renounce Religion, Evoke Flight


You were on level 8 of the Dungeon.
You worshipped Dithmenos.
Dithmenos was pleased with you.
You were not hungry.

You visited 2 branches of the dungeon, and saw 9 of its levels.

You collected 513 gold pieces.
You spent 210 gold pieces at shops.

Inventory:

Hand Weapons
 a - a +2 dagger of venom (weapon)
 o - a +2 hand axe of draining
 v - a +3 dagger of electrocution
 C - a +1 rapier of venom
Armour
 g - a +2 helmet (worn)
 s - a +0 pair of boots (worn)
 x - a +1 pair of gloves (worn)
 y - the +1 leather armour of the Tired Emperors (worn) {+Fly}
   (You found it on level 6 of the Dungeon)

   It lets you fly.
Jewellery
 t - a ring of protection from fire (left hand)
 B - a ring of see invisible (right hand)
 D - an amulet of magic regeneration (around neck)
Wands
 b - a wand of enslavement (6)
 i - a wand of digging (31)
 k - a wand of polymorph (15)
 u - a wand of paralysis (10)
Scrolls
 d - 3 scrolls of identify
 n - 2 scrolls of enchant armour
 p - a scroll of amnesia
 q - a scroll of fear
 r - 2 scrolls of fog
 w - a scroll of teleportation
Potions
 c - a potion of might
 e - a potion of resistance
 h - a potion of heal wounds
 l - a potion of flight
 m - a potion of brilliance
 z - a potion of haste
 E - a potion of berserk rage
Books
 j - a book of Cantrips

   Spells                             Type                      Level
   a - Confusing Touch                Hexes                        1
   b - Animate Skeleton               Necromancy                   1
   c - Summon Small Mammal            Summoning                    1
   d - Apportation                    Translocation                1
Comestibles
 f - 16 rations
 A - a chunk of flesh


   Skills:
 + Level 5.8 Fighting
 + Level 5.1 Short Blades
 + Level 5.1 Long Blades
 + Level 5.1 Axes
 + Level 5.1 Maces & Flails
 + Level 5.1 Polearms
 + Level 5.8 Staves
 + Level 5.1 Slings
 + Level 5.1 Bows
 + Level 5.1 Crossbows
 + Level 5.8 Throwing
 + Level 5.1 Armour
 + Level 6.9 Dodging
 + Level 9.4 Stealth
 + Level 5.1 Shields
 + Level 5.1 Unarmed Combat
 + Level 5.1 Spellcasting
 + Level 4.2 Conjurations
 + Level 4.2 Hexes
 + Level 4.2 Charms
 + Level 4.2 Summonings
 + Level 4.2 Necromancy
 + Level 4.2 Translocations
 + Level 4.2 Transmutations
 + Level 4.2 Fire Magic
 + Level 4.2 Ice Magic
 + Level 4.2 Air Magic
 + Level 4.2 Earth Magic
 + Level 4.2 Poison Magic
 + Level 5.6 Invocations
 + Level 5.8 Evocations


You had 17 spell levels left.
You knew the following spells:

 Your Spells              Type           Power        Failure   Level  Hunger
a - Confusing Touch       Hex            ###...       3%          1    None
b - Animate Skeleton      Necr           N/A          3%          1    None


Dungeon Overview and Level Annotations

Branches:
Dungeon (8/15)             Temple (1/1) D:4
   Lair: D:8-11

Altars:
Cheibriados
Dithmenos
Elyvilon
Fedhas
Hepliaklqana
Makhleb
Nemelex Xobeh
Okawaru
Qazlal
Ru
Sif Muna
Trog
Vehumet
Wu Jian
Xom
Yredelemnul
Zin
The Shining One
Lugonu

Shops:
D:4 %

Annotations:
D:8 Erica, Gastronok


Innate Abilities, Weirdness & Mutations

Your experience applies equally to all skills.
You have very sharp teeth.
Your uncanny sense of smell can sniff out nearby items.


Message History

Gastronok is lightly wounded.
Gastronok completely misses you.
You hit Gastronok but do no damage. The wyvern zombie bites you!
Your +2 dagger of venom begins to drip with poison!
a - a +2 dagger of venom (weapon)
The wyvern zombie bites you!
As you read the scroll of teleportation, it crumbles to dust.
You feel strangely unstable.
Gastronok glows a brilliant shade of cerise.
The wyvern zombie bites you!
* * * LOW HITPOINT WARNING * * *
You hit Gastronok.
Gastronok is poisoned.
Gastronok is lightly wounded.
The wyvern zombie closely misses you.
You hit Gastronok but do no damage.
Gastronok looks as sick as possible!
You bite Gastronok, but do no damage.
Gastronok is lightly wounded.
The jackal zombie closely misses you. The wyvern zombie misses you.
Gastronok bites you!!
You die...

####### ∆ ##.....## >.........#
##w......## ..@..h...Z#
#.Z@......#
.H........####..Z......####
.....Z...........$.........######
..........####.........###.......
..........# #......>..# ##.....#
..........# #.........# #.....#
..........# #.........####......
####.###### #...............)...
#.# ###...[.....#########.


You could see Gastronok, a jackal zombie and a wyvern zombie.

Vanquished Creatures
  A two-headed ogre (D:8)
  Psyche (D:8)
  2 hippogriffs (D:7)
  Eustachio (D:5)
  The ghost of aubilenon the Changer, an amateur OpTm (D:3)
  Edmund (D:4)
  A black bear (D:6)
  An orc warrior (D:8)
  2 ice beasts (D:7)
  5 centaurs
  3 phantoms
  A necrophage (D:7)
  3 ogres
  3 bullfrogs
  A water moccasin skeleton (D:4)
  A crimson imp (D:6)
  A centaur zombie (D:5)
  A quasit (D:7)
  2 orc priests
  A jelly (D:6)
  3 hounds
  A gnoll shaman (D:7)
  Ijyb (D:4)
  A bullfrog skeleton (D:5)
  Natasha (thrice) (D:3)
  An iguana (D:7)
  12 orc wizards
  3 worker ants
  A hound skeleton (D:7)
  Robin (D:3)
  A howler monkey zombie (D:5)
  4 gnolls (D:7)
  10 adders
  A shadow imp (D:8)
  An ooze (D:1)
  A worm (D:2)
  2 dart slugs (D:1)
  7 leopard geckos
  15 orcs
  2 ball pythons
  2 giant cockroaches
  20 goblins
  7 hobgoblins
  11 jackals
  4 quokkas
  8 bats
  4 frilled lizards
  5 kobolds
  A leopard gecko skeleton (D:5)
  6 rats
172 creatures vanquished.

Vanquished Creatures (collateral kills)
  An ogre (D:7)
  A shadow imp (D:7)
  An adder skeleton (D:6)
3 creatures vanquished.

Grand Total: 175 creatures vanquished

Notes
Turn   | Place    | Note
-------+----------+-------------------------------------------
     0 | D:1      | Hubbles the Gnoll Wanderer began the quest for the Orb.
     0 | D:1      | Hubbles set off with: a +2 dagger, a potion of heal wounds, a potion of curing, a potion of lignification, a +0 robe, a ration
     0 | D:1      | Reached XP level 1. HP: 17/17 MP: 2/2
   107 | D:1      | Reached XP level 2. HP: 23/23 MP: 3/3
   629 | D:2      | Reached XP level 3. HP: 28/28 MP: 4/4
   674 | D:2      | Found a radiant altar of Vehumet.
   716 | D:2      | Found a deep blue altar of Sif Muna.
  1015 | D:2      | Reached skill level 1 in Invocations
  1060 | D:2      | Reached skill level 1 in Short Blades
  1060 | D:2      | Reached skill level 1 in Long Blades
  1060 | D:2      | Reached skill level 1 in Axes
  1060 | D:2      | Reached skill level 1 in Maces & Flails
  1060 | D:2      | Reached skill level 1 in Polearms
  1060 | D:2      | Reached skill level 1 in Slings
  1060 | D:2      | Reached skill level 1 in Bows
  1060 | D:2      | Reached skill level 1 in Crossbows
  1060 | D:2      | Reached skill level 1 in Armour
  1060 | D:2      | Reached skill level 1 in Shields
  1060 | D:2      | Reached skill level 1 in Unarmed Combat
  1060 | D:2      | Reached skill level 1 in Spellcasting
  1150 | D:3      | Reached XP level 4. HP: 27/34 MP: 6/6
  1341 | D:3      | Noticed aubilenon's ghost (amateur OpTm)
  1344 | D:3      | Noticed Robin
  1357 | D:3      | Killed aubilenon's ghost
  1357 | D:3      | Reached skill level 1 in Conjurations
  1357 | D:3      | Reached skill level 1 in Hexes
  1357 | D:3      | Reached skill level 1 in Charms
  1357 | D:3      | Reached skill level 1 in Summonings
  1357 | D:3      | Reached skill level 1 in Necromancy
  1357 | D:3      | Reached skill level 1 in Translocations
  1357 | D:3      | Reached skill level 1 in Transmutations
  1357 | D:3      | Reached skill level 1 in Fire Magic
  1357 | D:3      | Reached skill level 1 in Ice Magic
  1357 | D:3      | Reached skill level 1 in Air Magic
  1357 | D:3      | Reached skill level 1 in Earth Magic
  1357 | D:3      | Reached skill level 1 in Poison Magic
  1357 | D:3      | Reached XP level 5. HP: 41/41 MP: 7/7
  1439 | D:3      | Killed Robin
  1729 | D:3      | Reached skill level 8 in Stealth
  1793 | D:3      | Reached XP level 6. HP: 38/47 MP: 8/8
  1916 | D:3      | Found a shadowy altar of Dithmenos.
  1916 | D:3      | Noticed Natasha
  1918 | D:3      | Killed Natasha
  1993 | D:3      | Noticed Natasha
  2000 | D:3      | Killed Natasha
  2054 | D:3      | Noticed Natasha
  2060 | D:3      | Killed Natasha
  2060 | D:3      | Reached skill level 5 in Dodging
  2166 | D:3      | Found a bloodstained altar of Trog.
  2787 | D:4      | Found a glowing golden altar of the Shining One.
  3193 | D:4      | Found a sacrificial altar of Ru.
  3208 | D:4      | Reached XP level 7. HP: 11/52 MP: 10/10
  3588 | D:4      | Noticed Ijyb
  3621 | D:4      | Killed Ijyb
  3632 | D:4      | Found a bloodstained altar of Trog.
  3659 | D:4      | Learned a level 1 spell: Confusing Touch
  3673 | D:4      | Learned a level 1 spell: Animate Skeleton
  3970 | D:4      | Found a snail-covered altar of Cheibriados.
  3976 | D:4      | Found an ornate altar of the Wu Jian Council.
  4088 | D:4      | Noticed Edmund
  4102 | D:4      | Killed Edmund
  4412 | D:4      | Found a staircase to the Ecumenical Temple.
  4422 | Temple   | Entered the Ecumenical Temple
  4643 | D:3      | Became a worshipper of Dithmenos the Shadowed
  4740 | D:4      | Reached XP level 8. HP: 60/60 MP: 12/12
  4771 | D:4      | Found Caofel's Food Boutique.
  4855 | D:4      | Bought a ration for 70 gold pieces
  4855 | D:4      | Bought a ration for 70 gold pieces
  4855 | D:4      | Bought a ration for 70 gold pieces
  4880 | D:5      | Entered Level 5 of the Dungeon
  4940 | D:5      | Found a blossoming altar of Fedhas.
  5705 | D:5      | Noticed Eustachio
  5722 | D:5      | Killed Eustachio
  5927 | D:5      | Reached * piety under Dithmenos
  6360 | D:6      | Got a twisted leather armour
  6371 | D:6      | Identified the +1 leather armour of the Tired Emperors {+Fly} (You found it on level 6 of the Dungeon)
  6504 | D:6      | Reached XP level 9. HP: 66/66 MP: 14/14
  6515 | D:6      | Found a hazy altar of Hepliaklqana.
  7458 | D:7      | Reached ** piety under Dithmenos
  7759 | D:7      | Reached skill level 5 in Fighting
  7759 | D:7      | Reached skill level 5 in Staves
  7759 | D:7      | Reached skill level 5 in Throwing
  7759 | D:7      | Reached skill level 5 in Evocations
  7850 | D:7      | Reached skill level 9 in Stealth
  8316 | D:7      | Reached skill level 5 in Invocations
  8743 | D:7      | Reached XP level 10. HP: 74/74 MP: 15/17
  8808 | D:8      | Found a white marble altar of Elyvilon.
  8830 | D:8      | Noticed a two-headed ogre
  8856 | D:8      | Killed a two-headed ogre
  8856 | D:8      | Reached skill level 5 in Short Blades
  8856 | D:8      | Reached skill level 5 in Long Blades
  8856 | D:8      | Reached skill level 5 in Axes
  8856 | D:8      | Reached skill level 5 in Maces & Flails
  8856 | D:8      | Reached skill level 5 in Polearms
  8856 | D:8      | Reached skill level 5 in Slings
  8856 | D:8      | Reached skill level 5 in Bows
  8856 | D:8      | Reached skill level 5 in Crossbows
  8856 | D:8      | Reached skill level 5 in Armour
  8856 | D:8      | Reached skill level 5 in Shields
  8856 | D:8      | Reached skill level 5 in Unarmed Combat
  8856 | D:8      | Reached skill level 5 in Spellcasting
  9105 | D:8      | Noticed Psyche
  9109 | D:8      | Killed Psyche
  9322 | D:8      | Noticed Erica
  9338 | D:8      | Noticed Gastronok
  9358 | D:8      | Slain by Gastronok

Skill      XL: |  1  2  3  4  5  6  7  8  9 10 |
---------------+-------------------------------+-----
Invocations    | 1 2 3 4 5 |  5.6
Short Blades   | 1 2 3 4 5 |  5.1
Long Blades    | 1 2 3 4 5 |  5.1
Axes           | 1 2 3 4 5 |  5.1
Maces & Flails | 1 2 3 4 5 |  5.1
Polearms       | 1 2 3 4 5 |  5.1
Slings         | 1 2 3 4 5 |  5.1
Bows           | 1 2 3 4 5 |  5.1
Crossbows      | 1 2 3 4 5 |  5.1
Armour         | 1 2 3 4 5 |  5.1
Shields        | 1 2 3 4 5 |  5.1
Unarmed Combat | 1 2 3 4 5 |  5.1
Spellcasting   | 1 2 3 4 5 |  5.1
Fighting       | 3 4 5 |  5.8
Staves         | 3 4 5 |  5.8
Throwing       | 3 4 5 |  5.8
Conjurations   | 1 2 3 4 |  4.2
Hexes          | 1 2 3 4 |  4.2
Charms         | 1 2 3 4 |  4.2
Summonings     | 1 2 3 4 |  4.2
Necromancy     | 1 2 3 4 |  4.2
Translocations | 1 2 3 4 |  4.2
Transmutations | 1 2 3 4 |  4.2
Fire Magic     | 1 2 3 4 |  4.2
Ice Magic      | 1 2 3 4 |  4.2
Air Magic      | 1 2 3 4 |  4.2
Earth Magic    | 1 2 3 4 |  4.2
Poison Magic   | 1 2 3 4 |  4.2
Evocations     | 3 4 5 |  5.8
Stealth        | 8 9 |  9.4
Dodging        | 5 6 |  6.9

Action                   |  1- 3 |  4- 6 |  7- 9 | 10-12 || total
-------------------------+-------+-------+-------+-------++-------
Melee: Dagger            |    75 |   226 |   136 |    16 ||   453
       Bite              |     4 |    19 |    56 |    10 ||    89
       Punch             |       |     1 |     9 |     2 ||    12
       Unarmed           |       |       |    23 |    10 ||    33
       Rapier            |       |       |   232 |    19 ||   251
Throw: Throwing net      |       |       |       |     1 ||     1
 Cast: Confusing Touch   |       |       |    19 |     3 ||    22
       Animate Skeleton  |       |       |     5 |       ||     5
 Abil: Evoke Flight      |       |       |     1 |       ||     1
  Use: Scroll            |     7 |     6 |     7 |     1 ||    21
       Potion            |       |    10 |     4 |       ||    14
 Stab: Sleeping          |    10 |     8 |    10 |     5 ||    33
       Confused          |       |       |    11 |     1 ||    12
       Held in net/web   |       |       |       |     2 ||     2
  Eat: Chunk             |     1 |     6 |    12 |     2 ||    21
       Ration            |       |       |     2 |       ||     2
Armor: Robe              |     8 |    49 |    31 |       ||    88
       Skin              |       |     7 |       |       ||     7
       Leather armour    |       |       |    57 |     8 ||    65
Dodge: Dodged            |    67 |   188 |   340 |    27 ||   622
